 Dungeon Crawl Stone Soup version 0.20-a0-351-gc9b4002 (webtiles) character file.

41 terra53 the Grave Robber (level 3, -2/24 HPs)
             Began as a Vampire Necromancer on Dec 24, 2016.
             Slain by an adder (3 damage)
             ... on level 2 of the Dungeon.
             The game lasted 00:05:58 (1795 turns).

terra53 the Grave Robber (Vampire Necromancer)      Turns: 1795, Time: 00:05:59

Health: -2/24      AC:  4    Str:  7    XL:     3   Next: 32%
Magic:  0/6        EV: 13    Int: 23    God:
Gold:   71         SH:  0    Dex: 14    Spells: 6/7 levels left

rFire  . . .     SeeInvis +     i - +0 short sword
rCold  . . .     Gourm    .     a - +0 robe
rNeg   + . .     Faith    .     (no shield)
rPois  .         Spirit   .     (no helmet)
rElec  .         Reflect  .     f - +0 cloak
rCorr  .         Harm     .     n - +0 pair of gloves
MR     .....                    (no boots)
Stlth  ++........               (no amulet)
                                (no ring)
                                (no ring)

@: brilliant, lethally poisoned (-2 -> -7), flying
A: fangs 3, see invisible, unbreathing
a: Bat Form


You were on level 2 of the Dungeon.
You were not thirsty.

You visited 1 branch of the dungeon, and saw 2 of its levels.

You collected 71 gold pieces.

Inventory:

Hand Weapons
 i - a +0 short sword (weapon)
Armour
 a - a +0 robe (worn)
 f - a +0 cloak (worn)
 k - a +0 shield
 n - a +0 pair of gloves (worn)
Jewellery
 m - an uncursed amulet of faith {unknown}
Scrolls
 d - 2 scrolls of enchant armour {unknown}
 g - 4 scrolls of identify {unknown}
 h - a scroll of magic mapping {unknown}
 j - a scroll of remove curse {unknown}
Potions
 c - 2 potions of blood
 e - a potion of brilliance
Books
 b - a book of Necromancy

   Spells                             Type                      Level
   a - Pain                           Necromancy                   1
   b - Animate Skeleton               Necromancy                   1
   c - Vampiric Draining              Necromancy                   3
   d - Regeneration                   Charms/Necromancy            3
   e - Animate Dead                   Necromancy                   4
   f - Control Undead                 Necromancy                   4


   Skills:
 + Level 2.4 Dodging
 + Level 3.3 Stealth
 + Level 2.5 Spellcasting
 + Level 5.0 Necromancy


You had 6 spell levels left.
You knew the following spells:

 Your Spells              Type           Power        Failure   Level  Hunger
a - Pain                  Necr           ####         1%          1    None


Dungeon Overview and Level Annotations

Branches:
Dungeon (2/15)

Altars:


Innate Abilities, Weirdness & Mutations

You have razor-sharp teeth.
You have supernaturally acute eyesight. (SInv)
You can survive without breathing.


Message History

Confirm with . or Enter, or press ? or * to list all spells.
Aiming: Pain
Press: ? - help, Shift-Dir - straight line, f/p - adder
Aim: an adder (moderately wounded, chance to defeat MR: 85%)
The adder writhes in agony!
The adder bites you. x2
* * * LOW HITPOINT WARNING * * *
You barely miss the adder.
The adder is heavily wounded.
The adder bites you.
* * * LOW HITPOINT WARNING * * *
You are lethally poisoned!
The adder poisons you!
It was a potion of brilliance.
You feel clever all of a sudden.
* * * LOW HITPOINT WARNING * * *
You feel sick. The adder barely misses you.
It was a potion of flight.
You feel very buoyant.
You fly up into the air.
The adder bites you.
You die...

..#..#...÷>###.... ##
#.##.....# #####
#.##.....# # #.##.....##
### .. #......## #..
##.# ######%.###.# #..
##.....# ##.# #..÷.##
#S@# ######.##..)
#.######..)...###..
.###........########.#
.......########........#
................########
...###...#.###### ## ..
#..###..# #. # #..#
##.## #. #..#
#..##########.


You could see an adder.

Vanquished Creatures
  An ooze (D:1)
  2 worms
  2 dart slugs
  A leopard gecko (D:1)
  3 bats
  4 goblins
  3 hobgoblins (D:2)
  4 kobolds
  A ball python (D:2)
  A frilled lizard (D:1)
  5 rats
27 creatures vanquished.

Notes
Turn   | Place    | Note
-------+----------+-------------------------------------------
     0 | D:1      | terra53 the Vampire Necromancer began the quest for the Orb.
     0 | D:1      | Reached XP level 1. HP: 13/13 MP: 3/3
   181 | D:1      | Reached XP level 2. HP: 14/19 MP: 0/5
  1432 | D:2      | Reached XP level 3. HP: 18/24 MP: 0/6
  1460 | D:2      | Reached skill level 5 in Necromancy
  1794 | D:2      | HP: 1/24 [poisoned by an adder]
  1795 | D:2      | Slain by an adder

Vault maps used:
D:1:      saegor_arrival_simple_c
D:2:      nemelex_xobeh_ov_fountains_minmay, hex_medium

Skill      XL: |  1  2  3 |
---------------+----------+-----
Necromancy     | 5 |  5.0
Dodging        | |  2.4
Stealth        | |  3.3
Spellcasting   | |  2.5

Action                   || total
-------------------------++-------
Melee: Short sword       ||    23
       Bite              ||     2
 Cast: Pain              ||    68
  Use: Potion            ||     2
  Eat: Corpse            ||     3
Armor: Robe              ||     4
Dodge: Dodged            ||    23
